 Dungeon Crawl Stone Soup version 0.29.1-12-g30fa7ad0bf (webtiles) character file.

Game seed: 2066644381220032108

1993 MisterFreud the Nimble (level 9, -3/42 HPs)
             Began as a Felid Berserker on Jan 7, 2023.
             Was an Elder of Trog.
             Shot with an arrow by a centaur (11 damage)
             ... on level 9 of the Dungeon.
             The game lasted 00:11:00 (12753 turns).

MisterFreud the Nimble (Felid Berserker)           Turns: 12753, Time: 00:11:01

Health: -3/42      AC:  2    Str: 19    XL:     9   Next: 1%
Magic:  10/10      EV: 28    Int:  9    God:    Trog [****..]
Gold:   481        SH:  0    Dex: 20    Spells: 8/8 levels left
                                        Lives:  0   Deaths: 2

rFire   . . .      SeeInvis +     - Unarmed
rCold   . . .      Faith    .   (shield unavailable)
rNeg    . . .      Spirit   .   (body armour unavailable)
rPois   .          Reflect  .   (helmet unavailable)
rElec   .          Harm     .   (cloak unavailable)
rCorr   .          Rampage  .   (gloves unavailable)
Will    +....                   (boots unavailable)
Stlth   +++++.....              (no amulet)
HPRegen 0.14/turn               a - +6 ring of strength
MPRegen 0.12/turn               (no ring)

@: quick
A: very small, claws 1, fangs 3, see invisible, speed 1, shaggy fur 2, stealthy
paws, no weapons or thrown items, no armour, multi-lived
a: Renounce Religion, Berserk, Trog's Hand, Brothers in Arms


You were on level 9 of the Dungeon.
You worshipped Trog.
Trog was greatly pleased with you.
You visited 1 branch of the dungeon, and saw 9 of its levels.
You also visited: Sewer and Bailey.

You collected 481 gold pieces.

Inventory:

Jewellery
 a - a +6 ring of strength (left paw)
 e - a +6 ring of intelligence
 g - a ring of fire
Wands
 p - a wand of acid (12)
 s - a wand of digging (5)
 x - a wand of roots (10)
Scrolls
 i - 3 scrolls of teleportation
 r - 2 scrolls of fog
 y - a scroll of magic mapping
Potions
 b - a potion of magic
 c - a potion of berserk rage
 d - 3 potions of attraction
 f - 2 potions of lignification
 h - a potion of degeneration {unknown}
 j - a potion of haste {unknown}
 k - 4 potions of might
 l - 2 potions of cancellation {unknown}
 m - 7 potions of curing
 n - 3 potions of heal wounds {unknown}
 o - a potion of mutation {unknown}
 q - 2 potions of resistance {unknown}
 t - 3 potions of ambrosia {unknown}
 u - a potion of experience
 v - a potion of flight {unknown}
 w - 2 potions of brilliance {unknown}


   Skills:
 + Level 6.4 Fighting
 - Level 13.0 Dodging
 - Level 10.0 Stealth
 + Level 9.5 Unarmed Combat
 + Level 2.0 Evocations


You had 8 spell levels left.
You didn't know any spells.
Your spell library was empty.

Dungeon Overview and Level Annotations

Branches:
Dungeon (9/15)             Temple (0/1) D:6           Sewer (visited)
 Bailey (visited)
   Lair: D:8-11         Orc: D:9-12

Altars:
Dithmenos
Nemelex Xobeh
Okawaru
Ru
Sif Muna
Yredelemnul
Zin

Shops:
D:4 (

Annotations:
D:3 2 runed translucent doors


Innate Abilities, Weirdness & Mutations

You have sharp claws.
You have razor-sharp teeth.
You have supernaturally acute eyesight. (SInv)
You cover ground quickly. (Speed+)
You are covered in thick fur. (AC +2)
Your paws help you pounce on unaware monsters.
You are incapable of wielding weapons or throwing items.
You cannot wear armour.
You gain extra lives every three experience levels.


Message History

You scratch the yak but do no damage.
The yak is heavily wounded.
The yak barely misses you. The yak gores you but does no damage.
The centaur shouts!
You mangle the yak!!
The yak is almost dead.
The yak gores you. The yak completely misses you.
You claw the yak!
You kill the yak!
Trog accepts your kill.
The centaur shoots an arrow.
The arrow completely misses you. The yak gores you.
Your Evocations skill increases to level 2!
Welcome back to level 9!
You closely miss the yak. You bite the yak.
The yak is lightly wounded.
The centaur shoots an arrow.
The arrow completely misses you. The yak completely misses you.
The orc warrior shouts!
You scratch the yak.
The yak is moderately wounded.
The centaur shoots an arrow.
The arrow misses you.
You claw the yak! Your bite misses the yak.
The yak is heavily wounded.
The centaur shoots an arrow.
The arrow misses you. The yak misses you.
You completely miss the yak. You bite the yak.
The yak is heavily wounded.
The centaur shoots an arrow.
The arrow completely misses you. The yak completely misses you.
The centaur shoots an arrow.
The arrow misses you.
You claw the yak!
The yak is almost dead.
The centaur shoots an arrow.
The arrow hits you!
* * * LOW HITPOINT WARNING * * *
The yak completely misses you.
You are too injured to fight recklessly!
You are too injured to fight recklessly!
You are too injured to fight recklessly!
The centaur shoots an arrow.
The arrow hits you!
You die...

#.##.#..##....J##...
#....#####......'...
#....# #......'...
#....# #.....##...
#..c.# +.....#)#..
#....# #.....#. #+
#....# #.....##
#....#####.....#
#..@.....###+###
#.....#.... #..†Yo#
... #..........
#..........
#........##
#........#
#........#
#.##.....#


You could see a yak, an orc warrior and a centaur.

Vanquished Creatures
  Erica (D:9)
  A troll (D:9)
  3 yaks (D:9)
  An ice beast (D:5)
  8 orc warriors
  A black bear (D:6)
  A centaur (D:5)
  The ghost of p0werm0de the Sneak, an amateur OpDe (D:4)
  2 ogres
  4 kobold brigands (Sewer)
  6 bullfrogs
  2 necrophages
  4 scorpions
  10 wights
  8 killer bees
  A howler monkey (D:6)
  A jelly (D:6)
  3 hounds
  A gnoll bouda (D:6)
  4 orc priests
  5 iguanas
  9 orc wizards
  6 gnolls (D:6)
  5 river rats
  15 adders
  2 ufetubi
  2 worms (Sewer)
  3 dart slugs
  29 orcs
  12 endoplasms
  5 giant cockroaches
  12 hobgoblins
  4 jackals (D:3)
  4 quokkas
  21 ball pythons
  6 bats
  5 frilled lizards
  6 goblins
  8 kobolds
  7 rats
  A spectral orc (D:4)
230 creatures vanquished.

Vanquished Creatures (collateral kills)
  An orc knight (Bailey)
  An orc warrior (Bailey)
  A river rat (Sewer)
  A kobold (Sewer)
4 creatures vanquished.

Grand Total: 234 creatures vanquished

Notes
Turn   | Place    | Note
-------+----------+-------------------------------------------
     0 | D:1      | MisterFreud the Felid Berserker began the quest for the
                  | Orb.
     0 | D:1      | Reached XP level 1. HP: 10/10 MP: 2/2
   252 | D:1      | Reached skill level 1 in Stealth
   307 | D:1      | Reached XP level 2. HP: 14/14 MP: 3/3
   752 | D:1      | Reached ** piety under Trog
   756 | D:1      | Reached XP level 3. HP: 7/17 MP: 4/4
  1818 | D:2      | Found a faded altar of an unknown god.
  1849 | D:2      | Reached XP level 4. HP: 10/21 MP: 5/5
  2310 | D:2      | You fall into a shaft and drop 1 floor!
  2826 | D:3      | Noticed a scorpion
  2835 | D:3      | Killed a scorpion
  2836 | D:3      | Reached skill level 5 in Stealth
  2836 | D:3      | Reached XP level 5. HP: 24/24 MP: 6/6
  2886 | D:3      | Found a large runed translucent door.
  2887 | D:3      | Found a large runed translucent door.
  2927 | D:3      | Identified the +2 robe of Hythrir {Stlth+}
  3202 | D:4      | Noticed an ogre
  3485 | D:4      | Reached skill level 5 in Unarmed Combat
  3501 | D:4      | Found Oczeit's Weapon Emporium.
  3659 | D:4      | Found a runed translucent door.
  3661 | D:4      | Noticed p0werm0de's ghost (amateur OpDe)
  3764 | D:4      | Killed an ogre
  3765 | D:4      | Gained mutation: You are covered in thick fur. (AC +2)
                  | [Felid growth]
  3765 | D:4      | Reached XP level 6. HP: 15/28 MP: 7/7
  4062 | D:4      | Found a basalt altar of Yredelemnul.
  4190 | D:4      | Killed p0werm0de's ghost
  4329 | D:5      | Entered Level 5 of the Dungeon
  4577 | D:5      | Reached skill level 5 in Dodging
  4586 | D:5      | Reached XP level 7. HP: 14/31 MP: 8/8
  4838 | D:5      | Reached skill level 6 in Dodging
  5083 | D:5      | Reached *** piety under Trog
  5093 | D:5      | Reached skill level 7 in Dodging
  5286 | D:5      | Found a shimmering blue altar of Sif Muna.
  5407 | D:5      | Reached skill level 8 in Dodging
  5425 | D:5      | Reached skill level 9 in Dodging
  5605 | D:5      | Found a sparkling altar of Nemelex Xobeh.
  5605 | D:5      | Found a glowing silver altar of Zin.
  5612 | D:5      | Found a sacrificial altar of Ru.
  5616 | D:5      | Found an iron altar of Okawaru.
  5618 | D:5      | Found a faded altar of an unknown god.
  5675 | D:6      | Reached XP level 8. HP: 34/34 MP: 9/9
  5871 | D:6      | Found a glowing drain.
  5893 | D:6      | Found a staircase to the Ecumenical Temple.
  5928 | D:6      | Reached skill level 10 in Dodging
  5950 | Sewer    | Entered a sewer
  6571 | Sewer    | Reached skill level 5 in Fighting
  7588 | D:6      | Identified the +0 buckler "Tampif" {Int+4}
  7843 | D:6      | Reached **** piety under Trog
  8193 | D:6      | Reached XP level 9. HP: 41/41 MP: 10/10
  8445 | D:7      | Found a flagged portal.
  8457 | D:7      | Identified the +11 spear of Fimbulwinter {venom, rC+ Dex+5}
  8460 | Bailey   | Entered a bailey
  8898 | Bailey   | Reached skill level 11 in Dodging
  9292 | Bailey   | Noticed an orc knight
  9306 | Bailey   | Killed an orc knight
  9848 | D:7      | Found a shadowy altar of Dithmenos.
 10328 | D:7      | Identified the +3 trident of the Chickpea {freeze, rPois
                  | rN++ MP-9 Dex+8}
 10800 | D:7      | Reached skill level 12 in Dodging
 10804 | D:7      | Reached XP level 10. HP: 45/45 MP: 11/11
 10988 | D:8      | Reached skill level 10 in Stealth
 12058 | D:9      | Noticed Erica
 12073 | D:9      | Killed Erica
 12074 | D:9      | Reached skill level 13 in Dodging
 12195 | D:9      | Identified the +1 robe of Leapfrog {Regen+ Int-4 Dex+4}
 12222 | D:9      | HP: 1/67 [killer bee (3)]
 12223 | D:9      | Succumbed to a killer bee's poison
 12224 | D:9      | Reached XP level 9. HP: 0/61 MP: 10/10
 12364 | D:9      | Killed from afar by an acid dragon
 12365 | D:9      | Reached XP level 8. HP: -16/38 MP: 9/9
 12404 | D:9      | Reached skill level 1 in Evocations
 12748 | D:9      | Reached XP level 9. HP: 24/42 MP: 10/10
 12753 | D:9      | Shot with an arrow by a centaur

Illustrated notes

Levels and vault maps discovered:
D:1:      dpeg_arrival_erosion, layout_basic
D:2:      layout_loops_ring, hellmonk_ecumenical_altar_crossroads
D:3:      layout_basic, jmf_multi_god_temple2
D:4:      layout_rooms, yredelemnul_forgotten_temple_becter,
          ebering_ghost_reflecting_pool, serial_shops, shop,
          palyth_stone_intersect
D:5:      layout_basic, chequers_temple_overflow_minitemple, old_standard_altar
D:6:      layout_basic, temple_hall_moat, portal_sewer_entry_c
D:7:      layout_basic, pf_just_have_faith, enter_bailey_2, serial_glass,
          glass_columns_a, glass_columns_b
D:8:      layout_cave_pools, serial_co_window_serial, co_window_corner_a,
          co_window_corner_a, co_window_corner_a, co_window_of_opportunity_a,
          co_window_paths_a, co_window_unsneaky_path_e, co_window_2corner,
          co_window_2corner, co_window_of_opportunity_b, co_window_cross_2,
          co_window_corner_b
D:9:      dragon1_lemuel, layout_stronghold, lightli_fourway_metalbox,
          uniq_erica

Skill      XL: |  1  2  3  4  5  6  7  8  9 10 |
---------------+-------------------------------+-----
Stealth        | 1 2 3 5 6 9 10 | 10.0
Unarmed Combat | 4 5 6 8 9 |  9.5
Dodging        | 5 9 10 12 13 | 13.0
Fighting       | 6 |  6.4
Evocations     | 2 |  2.0

Action                   |  1- 3 |  4- 6 |  7- 9 | 10-12 || total
-------------------------+-------+-------+-------+-------++-------
Melee: Unarmed           |    68 |   139 |   408 |   102 ||   717
       Bite              |     7 |    12 |    49 |    15 ||    83
       Punch             |     1 |     2 |    25 |     2 ||    30
Invok: Berserk           |     2 |     2 |     5 |     3 ||    12
       Trog's Hand       |       |       |     2 |     1 ||     3
       Brothers in Arms  |       |       |     1 |       ||     1
  Use: Scroll            |     5 |     3 |     9 |     1 ||    18
       Potion            |       |       |     1 |       ||     1
 Stab: Sleeping          |     5 |     5 |    13 |     3 ||    26
       Distracted        |       |     2 |     2 |     1 ||     5
Armor: Skin              |     2 |     6 |    18 |     1 ||    27
Dodge: Dodged            |    50 |   130 |   368 |   106 ||   654
